 Dungeon Crawl Stone Soup version 0.27-a0-1359-ga2a4dfd6fd (webtiles) character file.

Game seed: 14199377165577451604

256 sanka the Magician (level 6, 0/40 HPs)
             Began as a Djinni Hedge Wizard on June 28, 2021.
             Slain by an adder (4 damage)
             ... on level 5 of the Dungeon.
             The game lasted 00:04:05 (2759 turns).

sanka the Magician (Djinni Hedge Wizard)            Turns: 2759, Time: 00:04:06

Health: 0/40       AC:  2    Str:  9    XL:     6   Next: 38%
Gold:   185        EV: 12    Int: 16    God:
                   SH:  0    Dex: 14

rFire    + + .     SeeInvis .   r - +0 trident
rCold    x . .     Faith    .   (no shield)
rNeg     . . .     Spirit   .   b - +0 robe
rPois    ∞         Reflect  .   c - +0 hat
rElec    .         Harm     .   (no cloak)
rCorr    .         Rampage  .   (no gloves)
Will     .....                  (boots unavailable)
Stlth    ++........             f - amulet of regeneration
HPRegen  1.13/turn              (no ring)
MPRegen  0.00/turn              (no ring)

@: flying, very slightly contaminated
A: sickness immunity, fire resistance 2, cold vulnerability 1, float, innate
caster, hp casting, extra vitality 1
a: no special abilities


You were on level 5 of the Dungeon.
You visited 1 branch of the dungeon, and saw 5 of its levels.

You collected 185 gold pieces.


Innate Abilities, Weirdness & Mutations

You are immune to sickness and miasma.
You are immune to poison.
Your flesh is very heat resistant. (rF++)
You are vulnerable to cold. (rC-)
You float through the air rather than walking.
You learn spells naturally, not from books.
Your magical power is your life essence.
You have superior vitality. (+4 HP)


   Skills:
 - Level 2.1 Dodging
 - Level 1.5 Stealth
 + Level 5.2 Spellcasting


You couldn't memorise any spells.
You knew the following spells:

 Your Spells              Type           Power      Damage    Failure   Level
b - Blink                 Tloc           N/A        N/A       2%          2
c - Slow                  Hex            20%        N/A       2%          2
x - Call Imp              Summ           20%        N/A       2%          2
y - Animate Skeleton      Necr           40%        N/A       1%          1
z - Magic Dart            Conj           80%        1d7       1%          1
C - Mephitic Cloud        Conj/Pois/Air  20%        N/A       5%          3
N - Passwall              Tmut/Erth      16%        N/A       2%          2
Z - Conjure Flame         Conj/Fire      20%        6-21      5%          3
Your spell library was empty.

Inventory:

Hand Weapons
 a - a +0 dagger
 n - a +0 hand axe
 r - a +0 trident (weapon)
Armour
 b - a +0 robe (worn)
 c - a +0 hat (worn)
Jewellery
 f - an amulet of regeneration (around neck)
Wands
 k - a wand of mindburst (12)
Scrolls
 d - a scroll of blinking {unknown}
 e - a scroll of enchant weapon {unknown}
 g - a scroll of teleportation {unknown}
 h - a scroll of enchant armour {unknown}
 l - a scroll of fear {unknown}
 m - 3 scrolls of identify {unknown}
 q - a scroll of magic mapping {unknown}
 s - a scroll of brand weapon {unknown}
 t - a scroll of immolation {unknown}
Potions
 i - a potion of heal wounds {unknown}
 j - a potion of flight {unknown}
 o - 2 potions of curing {unknown}
 p - a potion of attraction {unknown}
 u - a potion of might {unknown}

Dungeon Overview and Level Annotations

Branches:
Dungeon (4/15)
 Temple: D:4-7

Altars:
Cheibriados

Shops:
D:3

: ... o.▒ ▒▒..▒
▒o§. ▒▒#.▒
▒☼.#▒▒▒▒▒▒
▒.......£.
▒▒.5.......
▒.R........
.......S........
>..▒...5........
. ▒▒.(.........
▒▒.........▒
.........▒▒
▒........▒▒
▒▒▒..▒▒▒▒▒


You could see an orc priest (ally target), an orc wizard, an adder (ally
target), a friendly crimson imp (summoned) and a friendly shadow imp (summoned).


Message History

* * * LOW HITPOINT WARNING * * *
The adder bites you but does no damage.
Unknown command.
You miscast Call Imp.
You are very lightly contaminated with residual magic.
Nothing appears to happen.
* * * LOW HITPOINT WARNING * * *
The adder barely misses you.
Your shadow imp gestures at the adder.
The adder writhes in agony!
The adder dies!
The orc priest calls down the wrath of Beogh upon you.
Beogh smites you!
* * * LOW HITPOINT WARNING * * *
Unknown command.
Unknown command.
Aiming: Mephitic Cloud (dangerous; 5% risk of failure)
Okay, then.
Unknown command.
Found a stone staircase leading down.
Aiming: Mephitic Cloud (dangerous; 5% risk of failure)
The ball explodes into a vile cloud!
The stinking cloud engulfs the orc priest but does no damage.
* * * LOW HITPOINT WARNING * * *
You hear a shout!
The adder closely misses you.
Your crimson imp hits the adder.
An orc wizard comes into view. It is wielding a +3 dagger.
The adder bites you.
You die...

Action                   |  1- 3 |  4- 6 || total
-------------------------+-------+-------++-------
Melee: Trident           |       |     7 ||     7
 Cast: Magic Dart        |    88 |    86 ||   174
       Call Imp          |       |     6 ||     6
       Conjure Flame     |       |     1 ||     1
       Mephitic Cloud    |       |     1 ||     1
Armor: Robe              |     3 |     6 ||     9
Dodge: Dodged            |     8 |    22 ||    30

Levels and vault maps discovered:
D:1:      amcnicky_arrival_choice, layout_rooms, serial_glass, glass_columns_a,
          glass_columns_a, glass_columns_c, glass_columns_a, feat_on_display,
          minmay_worlds_worst_comb
D:2:      layout_loops_ring, chequers_ecumenical_altar_twisty
D:3:      layout_loops_cross, serial_shops, nicolae_shop_crystal
D:4:      layout_layer_cave, old_standard_altar
D:5:      layout_cave_pods, serial_column_ruins, column_ruins_temple_circle,
          column_ruins_open_tiny, column_ruins_grid_1,
          column_ruins_corridor_dead_end, column_ruins_open_medium,
          column_ruins_corridor_straight, column_ruins_columns_straight,
          column_ruins_open_small, uniq_edmund, uniq_duvessa, uniq_menkaure

Notes
Turn   | Place    | Note
-------+----------+-------------------------------------------
     0 | D:1      | sanka the Djinni Hedge Wizard began the quest for the Orb.
     0 | D:1      | Reached XP level 1. HP: 15/15 MP: 0/0
   334 | D:1      | Reached XP level 2. HP: 19/21 MP: 0/0
   563 | D:1      | Reached skill level 3 in Spellcasting
   810 | D:1      | Reached XP level 3. HP: 25/25 MP: 0/0
   810 | D:1      | Learned a level 1 spell: Animate Skeleton
  1105 | D:2      | Reached XP level 4. HP: 31/31 MP: 0/0
  1351 | D:2      | Reached skill level 4 in Spellcasting
  1370 | D:2      | Found a faded altar of an unknown god.
  1739 | D:3      | Found Nophu's Book Shop.
  1877 | D:3      | Reached XP level 5. HP: 35/35 MP: 0/0
  1877 | D:3      | Learned a level 2 spell: Passwall
  2286 | D:4      | Noticed an ogre
  2294 | D:4      | Killed an ogre
  2295 | D:4      | Reached XP level 6. HP: 18/40 MP: 0/0
  2490 | D:4      | Reached skill level 5 in Spellcasting
  2519 | D:4      | Found a snail-covered altar of Cheibriados.
  2752 | D:4      | You are sucked into a shaft and drop 1 floor!
  2752 | D:5      | Entered Level 5 of the Dungeon
  2759 | D:5      | Slain by an adder

Vanquished Creatures
  A hound (D:2)
  A jelly (D:3)
  An adder (D:2)
  An adder skeleton (D:4)
  A worm (D:2)
  2 dart slugs
  5 orcs
  6 bats (D:1)
  4 endoplasms
  5 giant cockroaches (D:1)
  7 goblins
  A hobgoblin (D:1)
  2 jackals (D:3)
  5 quokkas
  5 ball pythons
  3 frilled lizards (D:1)
  3 kobolds
  A quokka skeleton (D:4)
  3 rats
57 creatures vanquished.

Vanquished Creatures (collateral kills)
  An ogre (D:4)
  A water moccasin zombie (D:4)
  An adder (D:5)
  A worm (D:4)
  A kobold (D:4)
5 creatures vanquished.

Grand Total: 62 creatures vanquished
